 Dungeon Crawl Stone Soup version 0.24-a0-584-g9d6b971ae4 (webtiles) character file.

Game seed: 10268418732830808586, levelgen mode: deterministic

462 Gargoyl the Skirmisher (level 6, -2/57 HPs)
             Began as a Centaur Abyssal Knight on Sept 3, 2019.
             Was a Believer of Lugonu.
             Slain by a hornet (12 damage)
             ... on level 4 of the Dungeon.
             The game lasted 00:04:38 (2486 turns).

Gargoyl the Skirmisher (Centaur Abyssal Knight)     Turns: 2486, Time: 00:04:39

Health: -2/57      AC:  7    Str: 15    XL:     6   Next: 79%
Magic:  7/8        EV: 13    Int: 11    God:    Lugonu [**....]
Gold:   191        SH:  0    Dex: 15    Spells: 5/5 levels left

rFire    . . .     SeeInvis .   a - +1 hand axe
rCold    . . .     Gourm    .   (no shield)
rNeg     . . .     Faith    .   g - +0 ring mail
rPois    .         Spirit   .   (no helmet)
rElec    .         Reflect  .   (no cloak)
rCorr    .         Harm     .   d - +0 pair of gloves
MR       .....                  (no barding)
Stlth    ++........             (no amulet)
HPRegen  0.19/turn              (no ring)
MPRegen  0.11/turn              (no ring)

@: agile, lethally poisoned (-2 -> -8), flying, very slightly contaminated,
slowed, lightly drained
A: large, hooves 3, deformed body, speed 2, tough skin 3
a: Depart the Abyss, Bend Space, Renounce Religion


You were on level 4 of the Dungeon.
You worshipped Lugonu.
Lugonu was pleased with you.
You were not hungry.

You visited 1 branch of the dungeon, and saw 4 of its levels.
You visited the Abyss 1 time.

You collected 191 gold pieces.

Inventory:

Hand Weapons
 a - a +1 hand axe (weapon)
Armour
 d - a +0 pair of gloves (worn)
 g - a +0 ring mail (worn)
Wands
 e - a wand of random effects (14)
Scrolls
 b - 4 scrolls of identify
Comestibles
 c - 6 rations
 j - a chunk of flesh


   Skills:
 + Level 5.7(5.2) Fighting
 + Level 3.0(2.5) Axes
 * Level 2.5(2.1) Armour
 * Level 1.2(0.7) Dodging
 * Level 3.1(2.6) Invocations
 + Level 1.0(0.5) Evocations


You had 5 spell levels left.
You didn't know any spells.
Your spell library was empty.

Dungeon Overview and Level Annotations

Branches:
Dungeon (4/15)
 Temple: D:4-7

Altars:
Makhleb
Xom


Innate Abilities, Weirdness & Mutations

You have hooves in place of feet.
Armour fits poorly on your strangely shaped body.
You cover ground very quickly.
You have extremely tough skin. (AC +3)


Message History

The hornet stings you!
You are more poisoned.
You feel as though you will be slow longer.
You feel sick. The hornet stings you!
* * * LOW HITPOINT WARNING * * *
You feel as though you will be slow longer.
You can move again.
You barely miss the hornet. You kick the hornet, but do no damage.
You flicker back into view.
You feel sick. The hornet barely misses you. The hornet misses you.
The hornet stings you.
* * * LOW HITPOINT WARNING * * *
You feel as though you will be slow longer.
Unknown command.
Okay, then.
You feel sick.
There is a stone staircase leading up, spattered with blood here.
Okay, then.
Space bends around you!
You blink.
You feel sick. The hornet stings you!
You die...

### ##..
#...### ####
#.....###..##
..##....§##...#
.......÷).....#
.....#.......##
#... ##...y@##
..# #.####.# .
.... .# .....
.. ......#. ..#
......## ..#
...#... .## ##


You could see a hornet.

Vanquished Creatures
  An ancient zyme (Abyss:3)
  A sky beast (Abyss:3)
  A crimson imp (D:3)
  6 gnolls
  2 adders (D:4)
  An ooze (D:1)
  3 leopard geckos
  A ball python (D:1)
  5 bats
  2 giant cockroaches
  7 goblins
  6 hobgoblins
  4 frilled lizards
  8 kobolds
  7 rats
55 creatures vanquished.

Vanquished Creatures (others)
  A plant (D:3)
1 creature vanquished.

Grand Total: 56 creatures vanquished

Notes
Turn   | Place    | Note
-------+----------+-------------------------------------------
     0 | Abyss:1  | Gargoyl the Centaur Abyssal Knight began the quest for the
                  | Orb.
     0 | Abyss:1  | Reached XP level 1. HP: 19/19 MP: 2/2
     8 | Abyss:2  | Found a corrupted altar of Lugonu.
    32 | Abyss:2  | Noticed a titan zombie
    93 | Abyss:3  | Noticed a sky beast
    98 | Abyss:3  | Killed a sky beast
    98 | Abyss:3  | Reached skill level 4 in Fighting
    98 | Abyss:3  | Reached XP level 2. HP: 28/28 MP: 3/3
    98 | Abyss:3  | Reached XP level 3. HP: 34/34 MP: 4/4
    98 | Abyss:3  | Reached XP level 4. HP: 41/41 MP: 5/5
   100 | Abyss:3  | Noticed a large abomination
   103 | Abyss:3  | Noticed an ancient zyme
   111 | Abyss:3  | Noticed a large abomination
   113 | Abyss:3  | Noticed a worldbinder
   116 | Abyss:3  | Noticed a large abomination
   126 | Abyss:3  | Noticed a large abomination
   127 | Abyss:3  | Noticed a large abomination
   134 | Abyss:3  | Killed an ancient zyme
   134 | Abyss:3  | Reached skill level 5 in Fighting
   134 | Abyss:3  | Reached skill level 1 in Evocations
   134 | Abyss:3  | Reached XP level 5. HP: 33/50 MP: 5/7
   134 | Abyss:3  | Reached XP level 6. HP: 37/57 MP: 5/8
   147 | Abyss:4  | Noticed a smoke demon
   150 | D:1      | Escaped the Abyss
   462 | D:1      | Reached * piety under Lugonu
  1711 | D:3      | Found a burning altar of Makhleb.
  1712 | D:3      | Found a shimmering altar of Xom.
  1764 | D:3      | Reached skill level 1 in Dodging
  2249 | D:3      | Reached ** piety under Lugonu
  2462 | D:4      | Noticed a hornet
  2481 | D:4      | Paralysed by a hornet for 3 turns
  2486 | D:4      | Slain by a hornet

Levels and vault maps discovered:
D:1:      ncdulo_halloftheorcs, layout_basic, st_stairs_12
D:2:      layout_loops_ring
D:3:      layout_basic, grunt_temple_overflow_champion_of_chaos, serial_bayou,
          serial_bayou_ford_a, serial_bayou_pond_e, serial_bayou_pond_e,
          serial_bayou_shore_b, serial_bayou_pond_a, first_ration,
          minmay_misc_feat_encased
D:4:      layout_cave_pools, grunt_temple_overflow_open, minmay_misc_feat_room,
          uniq_grinder

Skill      XL: |  1  2  3  4  5  6 |
---------------+-------------------+-----
Fighting       | 4 5 |  5.7
Axes           | 2 3 |  3.0
Armour         | 2 |  2.5
Evocations     | 1 |  1.0
Dodging        | 1 |  1.2
Invocations    | 3 |  3.1

Action                   |  1- 3 |  4- 6 || total
-------------------------+-------+-------++-------
Melee: Hand axe          |       |   200 ||   200
       Kick              |       |    28 ||    28
Invok: Depart the Abyss  |       |     1 ||     1
       Bend Space        |       |     1 ||     1
Evoke: Wand              |     2 |    14 ||    16
  Use: Scroll            |     2 |     7 ||     9
       Potion            |       |     4 ||     4
  Eat: Chunk             |       |     4 ||     4
Armor: Ring mail         |       |   112 ||   112
       Leather armour    |       |     6 ||     6
Dodge: Dodged            |       |   138 ||   138

Table legend:
 A = Non-vault XP
 B = Vault XP
 C = Vault XP percentage of total XP
 D = Non-vault monster count
 E = Vault monster count
 F = Vault count percentage of total count
                 A         B        C        D         E       F
            +---------+---------+-------+---------+---------+-------
      Total |     609 |      51 |   7.7 |      53 |       2 |   3.6
            +---------+---------+-------+---------+---------+-------
        D:1 |      51 |       1 |   1.9 |      27 |       1 |   3.6
        D:2 |      12 |       0 |   0.0 |       7 |       0 |   0.0
        D:3 |      88 |      50 |  36.2 |      14 |       1 |   6.7
        D:4 |      40 |       0 |   0.0 |       3 |       0 |   0.0
    Abyss:3 |     418 |       0 |   0.0 |       2 |       0 |   0.0
            +---------+---------+-------+---------+---------+-------
